 Dungeon Crawl Stone Soup version 0.20-a0-830-g2c9a30d (webtiles) character file.

1691 nikopol the Skirmisher (level 8, -11/111 HPs)
             Began as a Minotaur Berserker on Mar 6, 2017.
             Was a Priest of Trog.
             Mangled by an orc warrior
             ... wielding a +0 glaive
              (25 damage)
             ... on level 6 of the Dungeon.
             The game lasted 00:14:41 (4847 turns).

nikopol the Skirmisher (Minotaur Berserker)         Turns: 4847, Time: 00:14:41

Health: -11/111    AC: 12    Str: 28    XL:     8   Next: 72%
Magic:  7/7        EV: 11    Int:  4    God:    Trog [***...]
Gold:   166        SH:  0    Dex: 11    Spells: 7/7 levels left

rFire    + . .     SeeInvis .   A - +0 war axe
rCold    x . .     Gourm    .   f - +0 chain mail
rNeg     + . .     Faith    .   (no shield)
rPois    .         Spirit   .   (helmet restricted)
rElec    .         Reflect  .   x - +1 cloak
rCorr    .         Harm     .   (no gloves)
MR       .....                  (no boots)
Stlth    ..........             (no amulet)
Regen    0.3/turn               i - ring of positive energy
MPRegen  0.1/turn               t - ring of fire

@: berserking, very quick
A: retaliatory headbutt, horns 2
a: Berserk, Trog's Hand, Burn Spellbooks, Renounce Religion


You were on level 6 of the Dungeon.
You worshipped Trog.
Trog was most pleased with you.
You were very hungry.

You visited 1 branch of the dungeon, and saw 6 of its levels.

You collected 166 gold pieces.

Inventory:

Hand Weapons
 a - a +0 hand axe
 A - a +0 war axe (weapon)
Missiles
 h - 92 arrows (quivered)
Armour
 f - a +0 chain mail (worn)
 x - a +1 cloak (worn)
Jewellery
 i - a ring of positive energy (right hand)
 t - a ring of fire (left hand)
Wands
 b - a wand of digging (11/24)
 r - a wand of digging (13/24)
 y - a wand of random effects (26/48)
 E - a wand of scattershot (3/9)
Scrolls
 k - 2 scrolls of fear {unknown}
 l - 6 scrolls of identify
 p - 2 scrolls of remove curse
 v - a scroll of magic mapping {unknown}
 w - a scroll of teleportation {unknown}
Potions
 e - 5 potions of curing
 g - a potion of might {unknown}
 j - a potion of resistance {unknown}
 m - a potion of brilliance {unknown}
 o - 3 potions of mutation {unknown}
 q - a potion of berserk rage {unknown}
 s - a potion of invisibility {unknown}
 u - a potion of flight {unknown}
 z - 2 potions of agility {unknown}
 D - 2 potions of heal wounds {unknown}
Comestibles
 c - 4 bread rations
 d - 5 royal jellies
 n - 6 fruits
 B - 3 chunks of flesh
 C - a meat ration


   Skills:
 + Level 7.6 Fighting
 + Level 7.6 Axes
 + Level 7.0 Armour
 + Level 6.5 Dodging


You had 7 spell levels left.
You didn't know any spells.

Dungeon Overview and Level Annotations

Branches:
Dungeon (6/15)             Temple (0/1) D:5

Altars:
Cheibriados
Fedhas
Makhleb

Shops:
D:6 [

Annotations:
D:4 1 exclusion


Innate Abilities, Weirdness & Mutations

You reflexively headbutt those who attack you in melee.
You have a pair of horns on your head.


Message History

You are too injured to fight recklessly!
You are too injured to fight recklessly!
You are too injured to fight recklessly!
You are too injured to fight recklessly!
You are too injured to fight recklessly!
You are too injured to fight recklessly!
You are too injured to fight recklessly!
You are too injured to fight recklessly!
A red film seems to cover your vision as you go berserk!
You feel yourself moving faster!
You feel mighty!
You are feeling very hungry.
The orc warrior hits you with a glaive!
You slash the orc warrior!
The orc warrior is moderately wounded.
The orc warrior hits you with a glaive!!
* * * LOW HITPOINT WARNING * * *
You hit the orc warrior.
The orc warrior is heavily wounded.
The orc warrior hits you with a glaive!!
You die...

#.# #.. #.# #.#
#.# #.# #.# #.#
#.#########.###
#).........÷..#
..#########.####
+ #(#
#....#####...#
..#
#.#...@oo..⌠..
(.#
#.##.#####...#
#.## #.#### '
...########.##
....##.......#
.......####..#
....#### #..#
...## #..# #.##
#..#


You could see an orc warrior (berserk) and an orc.

Vanquished Creatures
  The ghost of George the Slasher, a novice DsFi (D:5)
  Sigmund (D:3)
  A phantom (D:5)
  2 ogres
  A bullfrog (D:6)
  2 scorpions
  A howler monkey (D:6)
  2 crimson imps (D:5)
  4 hounds
  Crazy Yiuf (D:4)
  An orc priest (D:3)
  4 orc wizards
  2 iguanas (D:5)
  Jessica (D:3)
  A centaur skeleton (D:4)
  Terence (D:2)
  2 worker ants
  Robin (D:2)
  7 gnolls (D:4)
  5 adders
  2 shadow imps
  An ooze (D:3)
  2 adder skeletons
  4 dart slugs
  5 leopard geckos
  13 orcs
  A giant cockroach (D:1)
  18 goblins
  5 hobgoblins
  10 jackals
  4 quokkas
  A ball python zombie (D:5)
  11 bats
  7 frilled lizards
  7 kobolds
  A leopard gecko skeleton (D:6)
  4 rats
137 creatures vanquished.

Notes
Turn   | Place    | Note
-------+----------+-------------------------------------------
     0 | D:1      | nikopol the Minotaur Berserker began the quest for the Orb.
     0 | D:1      | Reached XP level 1. HP: 19/19 MP: 0/0
   105 | D:1      | Reached XP level 2. HP: 20/27 MP: 1/1
   518 | D:2      | Reached XP level 3. HP: 33/33 MP: 2/2
   647 | D:2      | Noticed Terence
   660 | D:2      | Killed Terence
   660 | D:2      | Reached ** piety under Trog
   869 | D:2      | Reached XP level 4. HP: 40/40 MP: 3/3
   900 | D:2      | Noticed Robin
   916 | D:2      | Killed Robin
  1233 | D:2      | Found a faded altar of an unknown god.
  1581 | D:3      | Noticed Sigmund
  1592 | D:3      | Killed Sigmund
  1592 | D:3      | Reached skill level 5 in Fighting
  1592 | D:3      | Reached skill level 5 in Axes
  1592 | D:3      | Reached XP level 5. HP: 42/48 MP: 4/4
  1799 | D:3      | Reached XP level 6. HP: 56/56 MP: 5/5
  1817 | D:3      | Noticed Jessica
  1821 | D:3      | Killed Jessica
  2438 | D:4      | Reached XP level 7. HP: 35/62 MP: 6/6
  2443 | D:4      | Reached skill level 5 in Armour
  2730 | D:4      | Reached *** piety under Trog
  2803 | D:4      | Found a burning altar of Makhleb.
  2984 | D:4      | Found a runed door.
  3180 | D:4      | Noticed Crazy Yiuf
  3186 | D:4      | Killed Crazy Yiuf
  3374 | D:5      | Entered Level 5 of the Dungeon
  3416 | D:5      | Reached skill level 5 in Dodging
  3443 | D:5      | Found a snail-covered altar of Cheibriados.
  3447 | D:5      | Found a blossoming altar of Fedhas.
  3589 | D:5      | Found a staircase to the Ecumenical Temple.
  3649 | D:5      | Noticed George's ghost (novice DsFi)
  3749 | D:5      | Killed George's ghost
  3749 | D:5      | Reached XP level 8. HP: 71/71 MP: 7/7
  4596 | D:6      | Found Lawagg's Antique Armour Shop.
  4847 | D:6      | Mangled by an orc warrior

Vault maps used:
D:1:      shiori_arrival_maze
D:2:      chequers_ecumenical_altar_twisty, uniq_robin, uniq_terence
D:3:      first_bread, uniq_sigmund, uniq_jessica
D:4:      makhleb_heckhound_becter, uniq_crazy_yiuf_cottage
D:5:      cheibriados_altar_1, minmay_temple_entry_trees, fedhas_altar_4
D:6:      grunt_temple_overflow_cloverleaf, serial_shops,
          nicolae_shop_statue_plus, shop, kennysheep_little_box,
          kennysheep_mini, minmay_misc_feat_roman, mumra_transporter_accident

Skill      XL: |  1  2  3  4  5  6  7  8 |
---------------+-------------------------+-----
Axes           | 4 5 6 7 |  7.6
Fighting       | 4 5 6 7 |  7.6
Armour         | 3 4 6 7 |  7.0
Dodging        | 3 4 5 6 |  6.5

Action                   |  1- 3 |  4- 6 |  7- 9 || total
-------------------------+-------+-------+-------++-------
Melee: Hand axe          |    65 |   105 |   136 ||   306
       Headbutt          |    11 |    20 |    28 ||    59
       War axe           |       |       |    30 ||    30
Invok: Berserk           |     1 |     2 |     4 ||     7
       Trog's Hand       |       |       |     1 ||     1
  Use: Scroll            |       |       |     2 ||     2
       Potion            |       |       |     1 ||     1
  Eat: Chunk             |     1 |     6 |    10 ||    17
       Fruit             |       |       |     1 ||     1
Armor: Animal skin       |     7 |       |       ||     7
       Chain mail        |    10 |    56 |    79 ||   145
Dodge: Dodged            |    27 |    47 |    82 ||   156
